 Dungeon Crawl Stone Soup version 0.18-a0-1774-gce1f7b6 (webtiles) character file.

2422 Duffy the Fighter (level 9, 0/75 HPs)
             Began as a Formicid Earth Elementalist on Apr 15, 2016.
             Slain by a killer bee (1 damage)
             ... on level 7 of the Dungeon.
             The game lasted 00:15:49 (8950 turns).

Duffy the Fighter (Formicid Earth Elementalist)     Turns: 8950, Time: 00:15:50

Health: 0/75       AC:  4    Str: 12    XL:     9   Next: 76%
Magic:  16/16      EV: 14    Int: 19    God:
Gold:   61         SH:  0    Dex: 14    Spells: 4 memorised, 7 levels left

rFire  . . .     SeeInvis +     u - +1 demon whip of Proximity {vamp, Int+3} (curse)
rCold  . . .     Gourm    +     y - +1 animal skin
rNeg   . . .     Faith    .     (no shield)
rPois  .         Spirit   .     (helmet unavailable)
rElec  .         Dismiss  .     j - +0 cloak
rCorr  .         Reflect  .     (no gloves)
SustAt .         Harm     .     (no boots)
MR     .....                    C - amulet of the gourmand
Stlth  ++........               (no ring)
                                (no ring)

@: lethally poisoned (0 -> -35), not resistant to hostile enchantments,
unstealthy
A: permanent stasis, dig shafts and tunnels, four strong arms, antennae 3
a: Dig, Shaft Self


You were on level 7 of the Dungeon.
You were completely stuffed.

You visited 2 branches of the dungeon, and saw 8 of its levels.

You collected 521 gold pieces.
You spent 460 gold pieces at shops.


Innate Abilities, Weirdness & Mutations

You are under a permanent stasis effect.
You can dig through walls and to a lower floor.
Your four strong arms can wield two-handed weapons with a shield.
You have a pair of large antennae on your head (SInv).


   Skills:
 - Level 8.8 Fighting
 + Level 2.9 Maces & Flails
 + Level 3.8 Dodging
 - Level 2.4 Stealth
 - Level 5.0 Spellcasting
 - Level 2.0 Conjurations
 - Level 1.2 Transmutations
 - Level 8.0 Earth Magic


You had 7 spell levels left.
You knew the following spells:

 Your Spells              Type           Power        Failure   Level  Hunger
a - Sandblast             Erth           #####.       1%          1    None
c - Stone Arrow           Conj/Erth      ###...       6%          3    ##.....
l - Lee's Rapid Deconstr  Erth           #####.....   14%         5    ######.
P - Passwall              Trmt/Erth      ###.......   3%          2    #......

Inventory:

Hand Weapons
 u - the cursed +1 demon whip of Proximity (weapon) {vamp, Int+3}

   It inflicts no extra harm, but heals its wielder somewhat when it strikes a
   living foe.
   It affects your intelligence (+3).
   It has a curse placed upon it.
Missiles
 b - 77 stones (quivered)
 v - 2 throwing nets
Armour
 j - a +0 cloak (worn)
 y - a +1 animal skin (worn)
Jewellery
 o - an uncursed ring of fire
 C - an amulet of the gourmand (around neck)
Wands
 g - a wand of paralysis (20/24)
 q - a wand of polymorph (14/24)
Scrolls
 e - a scroll of enchant armour {unknown}
 i - a scroll of magic mapping {unknown}
 k - a scroll of noise {unknown}
 n - a scroll of enchant weapon {unknown}
 p - a scroll of fog {unknown}
 r - 2 scrolls of recharging
 w - a scroll of immolation
 B - 2 scrolls of amnesia {unknown}
 D - 2 scrolls of remove curse
Potions
 a - a potion of cure mutation {unknown}
 l - a potion of agility
 m - 2 potions of might
 t - a potion of lignification
 x - a potion of flight
 A - a potion of curing
Books
 c - a book of Geomancy
Comestibles
 d - 4 bread rations
 f - 6 meat rations
 h - a slice of pizza
 s - a beef jerky

Dungeon Overview and Level Annotations

Branches:
Dungeon (7/15)             Temple (1/1) D:4

Altars:
Cheibriados
Dithmenos
Elyvilon
Fedhas
Gozag
Kikubaaqudgha
Makhleb
Pakellas
Qazlal
Ru
Sif Muna
Vehumet
Xom
Yredelemnul

Shops:
D:5 (

Annotations:
D:4 exclusion: statue


Message History

You are too injured to fight recklessly!
You are too injured to fight recklessly!
You are too injured to fight recklessly!
You are too injured to fight recklessly!
You are too injured to fight recklessly!
You are too injured to fight recklessly!
You are too injured to fight recklessly!
You are too injured to fight recklessly!
You are too injured to fight recklessly!
You are too injured to fight recklessly!
You are too injured to fight recklessly!
You are too injured to fight recklessly!
You are too injured to fight recklessly!
You are too injured to fight recklessly!
You are too injured to fight recklessly!
You are too injured to fight recklessly!
You are too injured to fight recklessly!
You are too injured to fight recklessly!
You are too injured to fight recklessly!
You are too injured to fight recklessly!
You hit the killer bee.
The killer bee is moderately wounded.
You feel sick. The killer bee misses you. The killer bee barely misses you.
The killer bee stings you but does no damage.
The killer bee closely misses you. x2; The killer bee stings you.
You are lethally poisoned!
The killer bee poisons you! The killer bee closely misses you.
You miss the killer bee.
The killer bee is moderately wounded.
You feel sick. The killer bee stings you! The killer bee misses you.
The killer bee barely misses you. The killer bee stings you.
You are more poisoned.
The killer bee poisons you! The killer bee stings you.
The killer bee closely misses you. The killer bee stings you. x2
You die...

#.# ##. #.# ##.### #.#
#.%..# #.# #....# #.#
#...# #.# #...#
_.##.##y####...########
.....yy@y...>..<...%...
._..#Z#y####....#.#####
. #..y# #....# # ##..#
#....# #..# ##+#.# #..#
#.# ##.# #.# #.# #.#


You could see 6 killer bees and a howler monkey zombie.

Action                   |  1- 3 |  4- 6 |  7- 9 || total
-------------------------+-------+-------+-------++-------
Melee: Hand axe          |    18 |   101 |    84 ||   203
       Demon whip        |       |       |    77 ||    77
       Whip              |       |       |    15 ||    15
 Cast: Sandblast         |    62 |    56 |   107 ||   225
       Lee's Rapid Decon |       |       |     1 ||     1
       Stone Arrow       |       |       |     1 ||     1
 Abil: Dig               |       |     3 |     1 ||     4
  Use: Scroll            |       |     5 |     8 ||    13
       Potion            |       |       |     1 ||     1
 Stab: Sleeping          |     1 |     1 |     2 ||     4
       Distracted        |       |       |     1 ||     1
  Eat: Chunk             |     5 |     8 |    29 ||    42
       Beef jerky        |       |       |     1 ||     1
Armor: Robe              |    21 |    16 |       ||    37
       Animal skin       |       |     1 |    55 ||    56
       Skin              |       |       |     5 ||     5
Dodge: Dodged            |    41 |    83 |   167 ||   291

Notes
Turn   | Place    | Note
--------------------------------------------------------------
     0 | D:1      | Duffy the Formicid Earth Elementalist began the quest for the Orb.
     0 | D:1      | Reached XP level 1. HP: 13/13 MP: 3/3
   433 | D:1      | Reached XP level 2. HP: 19/19 MP: 2/5
   493 | D:1      | Reached skill level 4 in Earth Magic
   527 | D:1      | Learned a level 2 spell: Passwall
  1131 | D:2      | Reached XP level 3. HP: 25/25 MP: 0/6
  1243 | D:2      | Reached skill level 1 in Fighting
  1760 | D:2      | Learned a level 3 spell: Stone Arrow
  2166 | D:2      | Reached skill level 2 in Fighting
  2166 | D:2      | Reached XP level 4. HP: 17/33 MP: 3/7
  2331 | D:2      | Reached skill level 5 in Earth Magic
  2524 | D:2      | Reached XP level 5. HP: 35/39 MP: 6/8
  2901 | D:3      | Reached skill level 2 in Dodging
  3573 | D:3      | Reached skill level 1 in Conjurations
  3710 | D:4      | Reached skill level 6 in Earth Magic
  3710 | D:4      | Reached XP level 6. HP: 46/46 MP: 3/9
  3782 | D:4      | Found a radiant altar of Vehumet.
  4090 | D:4      | Reached skill level 2 in Conjurations
  4237 | D:4      | Found an opulent altar of Gozag.
  4257 | D:4      | Noticed Robin
  4317 | D:4      | Killed Robin
  4434 | D:4      | Noticed a phantom
  4474 | D:4      | Killed a phantom
  4474 | D:4      | Reached skill level 3 in Spellcasting
  4474 | D:4      | Reached XP level 7. HP: 51/51 MP: 5/11
  4585 | D:4      | Reached skill level 7 in Earth Magic
  4884 | D:4      | Noticed Natasha
  4891 | D:4      | Killed Natasha
  4891 | D:4      | Reached skill level 4 in Spellcasting
  4970 | D:4      | Found a staircase to the Ecumenical Temple.
  4970 | D:4      | Noticed Natasha
  4974 | D:4      | Killed Natasha
  4983 | Temple   | Entered the Ecumenical Temple
  5340 | D:4      | Noticed Natasha
  5346 | D:4      | Killed Natasha
  5442 | D:5      | Entered Level 5 of the Dungeon
  5740 | D:5      | Reached skill level 8 in Earth Magic
  5740 | D:5      | Reached XP level 8. HP: 37/57 MP: 4/15
  5882 | D:5      | Learned a level 5 spell: Lee's Rapid Deconstruction
  5940 | D:5      | Found a sacrificial altar of Ru.
  6080 | D:5      | Reached skill level 5 in Spellcasting
  6360 | D:5      | Found a shadowy altar of Dithmenos.
  6398 | D:5      | Found Laekalic's Antique Weapon Shoppe.
  6418 | D:5      | Reached skill level 3 in Fighting
  6477 | D:5      | Reached skill level 4 in Fighting
  6479 | D:5      | Reached skill level 5 in Fighting
  6789 | D:5      | Reached skill level 6 in Fighting
  6923 | D:5      | Noticed Pikel
  7391 | D:5      | Reached XP level 9. HP: 70/71 MP: 16/16
  7562 | D:4      | Killed Pikel
  7562 | D:4      | Reached skill level 8 in Fighting
  7863 | D:6      | Reached skill level 1 in Maces & Flails
  8203 | D:5      | Bought a warped demon whip for 460 gold pieces
  8204 | D:5      | Identified the cursed +1 demon whip of Proximity {vamp, Int+3} (You bought it in a shop on level 5 of the Dungeon)
  8240 | D:6      | Reached skill level 3 in Dodging
  8248 | D:6      | Reached skill level 2 in Maces & Flails
  8374 | D:6      | Found a shadowy altar of Dithmenos.
  8939 | D:7      | Found a snail-covered altar of Cheibriados.
  8940 | D:7      | Found a white marble altar of Elyvilon.
  8950 | D:7      | Slain by a killer bee

Vault maps used:
D:1:      lemuel_arrival_lava_pool, minmay_tree_intersection
D:2:      first_bread
D:4:      grunt_gozag_statues, vehumet_statue, temple_green, uniq_robin,
          uniq_natasha
D:5:      nicolae_overflow_crystal_walls, nicolae_dithmenos_shadow_blocks,
          serial_shops, shop_coins, minmay_ogre_servants, uniq_pikel
D:6:      basic_altar, st_stairs_11, minivault_1
D:7:      grunt_temple_overflow_open, trog_eyes_of_draining, grunt_ogre_cave,
          minmay_crystal_water, st_stairs_4, uniq_crazy_yiuf_cottage
Temple:   minmay_temple_bridge_a_8

Vanquished Creatures
  Pikel
  2 sky beasts
  A slave
  An ice beast
  A phantom
  An ogre
  2 centaurs
  2 giant frogs
  A water moccasin zombie
  A scorpion
  2 howler monkeys
  A crimson imp
  3 orc priests
  A hound
  2 jellies
  A giant frog skeleton
  2 centaur skeletons
  An iguana Natasha (thrice)
  7 orc wizards
  6 worker ants
  A hound skeleton Robin
  4 gnolls
  9 adders
  2 shadow imps
  An ooze
  3 adder skeletons
  A worm
  A dart slug
  3 giant geckos
  25 orcs
  5 bats
  2 giant cockroaches
  23 goblins
  15 hobgoblins
  13 jackals
  6 kobolds
  4 quokkas
  4 ball pythons
  6 giant newts
  2 jackal skeletons
  2 jackal zombies
  A quokka skeleton
  8 rats
184 creatures vanquished.
